 Dungeon Crawl Stone Soup version 0.22.0-35-ge4bf2f5f59 (webtiles) character file.

30874 KamiKatze the Blocker (level 13, -7/68 HPs)
             Began as a Vine Stalker Fighter on Aug 23, 2018.
             Was a Believer of Uskayaw.
             Mangled by a rust devil (10 damage)
             ... summoned by an orc high priest
             ... on level 2 of the Orcish Mines.
             The game lasted 00:55:16 (16058 turns).

KamiKatze the Blocker (Vine Stalker Fighter)       Turns: 16058, Time: 00:55:16

Health: -7/68      AC: -3    Str: 24    XL:     13   Next: 54%
Magic:  0/6        EV: 10    Int: 13    God:    Uskayaw [**....]
Gold:   1638       SH: 12    Dex: 14    Spells: 12/12 levels left

rFire    + . .     SeeInvis +   b - +6 rapier of Etzuseh {antimagic, SInv}
rCold    . . .     Gourm    .   g - +0 shield {rF+}
rNeg     . . .     Faith    .   M - +0 plate armour
rPois    +         Spirit   +   o - +1 hat {MR+}
rElec    .         Reflect  .   r - +0 cloak
rCorr    .         Harm     .   l - +0 pair of gloves
MR       ++...                  (no boots)
Stlth    ..........             L - amulet of Uletwuur {RegenMP rPois}
HPRegen  1.01/turn              v - +5 ring of intelligence
MPRegen  0.35/turn              P - +3 ring of protection

@: liquid flames, corroded, glowing
A: fangs 3, regeneration 2, magic shield, antimagic bite, no potion heal 3, rot
immunity
a: Stomp, Line Pass, Renounce Religion


You were on level 2 of the Orcish Mines.
You worshipped Uskayaw.
Uskayaw was noncommittal.
You were not hungry.

You visited 4 branches of the dungeon, and saw 18 of its levels.
You also visited: Labyrinth.

You collected 1638 gold pieces.

Inventory:

Hand Weapons
 a - a +1 rapier
 b - the +6 rapier of Etzuseh (weapon) {antimagic, SInv}
   (You found it on level 9 of the Dungeon)

   It reduces the magical energy of the wielder, and disrupts the spells and
   magical abilities of those hit.
   Natural abilities and divine invocations are not affected.
   It lets you see invisible.
 w - a +0 hand axe of flaming
Missiles
 e - 514 stones
 B - 27 tomahawks (quivered)
 D - 19 javelins
 J - 3 throwing nets
Armour
 g - a +0 shield of fire resistance (worn)
 l - a +0 pair of gloves (worn)
 o - a +1 hat of magic resistance (worn)
 r - a +0 cloak (worn)
 M - a +0 plate armour (worn)
Jewellery
 v - a +5 ring of intelligence (left hand)
 I - an uncursed amulet of rage
 L - the amulet of Uletwuur (around neck) {RegenMP rPois}
   (You found it in a labyrinth)

   [amulet of magic regeneration]

   It increases your magic regeneration.
   It protects you from poison.
 P - a +3 ring of protection (right hand)
 S - an uncursed ring of magical power {unknown}
Wands
 c - a wand of acid (29)
 h - a wand of flame (71)
 p - a wand of paralysis (22)
 t - a wand of random effects (34)
 G - a wand of disintegration (18)
 N - a wand of iceblast (26)
 O - a wand of digging (7)
Scrolls
 j - 5 scrolls of remove curse
 k - 2 scrolls of teleportation
 y - 4 scrolls of fear
 F - a scroll of magic mapping
 H - a scroll of blinking
 K - a scroll of identify
 T - a scroll of fog
Potions
 d - a potion of ambrosia
 i - a potion of flight
 m - 2 potions of invisibility
 n - 5 potions of curing
 q - 4 potions of cancellation
 u - a potion of resistance
 x - 2 potions of berserk rage
 z - 5 potions of haste
 A - a potion of lignification
 E - a potion of might
Comestibles
 f - 29 rations
 s - 18 chunks of flesh


   Skills:
 + Level 7.7 Fighting
 * Level 8.8 Short Blades
 + Level 8.9 Armour
 + Level 8.4 Dodging
 + Level 9.6 Shields
 + Level 7.0 Invocations
 - Level 5.0 Evocations


You had 12 spell levels left.
You didn't know any spells.
Your spell library contained the following spells:

 Spells                   Type           Power        Failure   Level  Hunger
 Apportation              Tloc           #.....       100%        1    ##.....
 Sandblast                Erth           #.....       100%        1    ##.....
 Summon Butterflies       Summ           #.......     100%        1    ##.....
 Passwall                 Tmut/Erth      #.......     100%        2    ###....
 Lesser Beckoning         Tloc           #.........   100%        3    ####...
 Stone Arrow              Conj/Erth      #.....       100%        3    ####...
 Tukima's Dance           Hex            #.......     100%        3    ####...
 Cause Fear               Hex            #.........   100%        4    #####..
 Ice Form                 Ice/Tmut       #.......     100%        4    #####..
 Petrify                  Tmut/Erth      #.......     100%        4    #####..
 Alistair's Intoxication  Tmut/Pois      #.......     100%        5    ######.
 Lee's Rapid Deconstruct  Erth           #.........   100%        5    ######.
 Metabolic Englaciation   Hex/Ice        #.........   100%        5    ######.
 Silence                  Hex/Air        #.........   100%        5    ######.
 Yara's Violent Unravell  Hex/Tmut       #.........   100%        5    ######.
 Bolt of Cold             Conj/Ice       #.........   100%        6    #######
 Deflect Missiles         Chrm/Air       #.........   100%        6    #######
 Freezing Cloud           Conj/Ice/Air   #.........   100%        6    #######
 Invisibility             Hex            #.......     100%        6    #######
 Ozocubu's Refrigeration  Ice            #.........   100%        6    #######
 Simulacrum               Ice/Necr       #.........   100%        6    #######
 Discord                  Hex            #.........   100%        8    #######


Dungeon Overview and Level Annotations

Branches:
Dungeon (10/15)            Temple (1/1) D:5            Lair (5/6) D:10
  Swamp (0/4) Lair:4        Snake (0/4) Lair:3          Orc (2/2) D:9
    Elf (0/3) Orc:2
  Slime: Lair:5-6

Altars:
Ashenzari
Cheibriados
Dithmenos
Elyvilon
Fedhas
Gozag
Hepliaklqana
Kikubaaqudgha
Makhleb
Nemelex Xobeh
Okawaru
Qazlal
Ru
Sif Muna
Trog
Uskayaw
Vehumet
Wu Jian
Xom
Yredelemnul
Zin
The Shining One
Beogh

Shops:
D:9 [   Orc:2 [

Annotations:
Lair:4 2 transporters, Buaxos's ghost, journeyman FoEE
Lair:5 exclusion: 2 oklob plants


Innate Abilities, Weirdness & Mutations

You have razor-sharp teeth.
You heal very quickly.
When hurt, damage is shared between your health and your magic reserves.
Your bite disrupts and absorbs the magic of your enemies.
Potions cannot restore your health.
You are immune to rotting.


Message History

You bite the orc high priest, but do no damage.
The orc high priest is almost dead.
You block the orc high priest's attack. The smoke demon gestures at you.
The sticky flame hits you! You resist.
You are covered in liquid flames!
* * * LOW HITPOINT WARNING * * *
The orc hits you with a trident.
* * * LOW HITPOINT WARNING * * *
You block the rust devil's attack. x2
You hit the orc high priest but do no damage.
Your bite misses the orc high priest.
The orc high priest is almost dead.
You are covered in liquid flames!
The orc high priest mumbles some strange prayers to Beogh.
The orc high priest is healed somewhat.
You block the smoke demon's attack. The smoke demon hits you.
* * * LOW HITPOINT WARNING * * *
You block the smoke demon's attack. The rust devil hits you!
You die...

..........#.._..#..####..........
..........#.....#.#.<###...#.#.##
..........#.....#...[......##...#
..........##.[)##.........###..##
##.........###'#.......#..##....#
.#.........................##..##
.#........................##)...#
.#.............3..........#....##
##....)).......o@4.......###.###
....)3)))......o#4§....###.###
...45..#..#####..§§....##...#
.)....#...#.).#.............#
.#))).#...'.)_#...###......##
##.....#..#...#..###...#.###
.##....##.#####..####.####
#####.............# ###
######....#.##...##


You could see an orc high priest, 2 rust devils, a smoke demon and an orc.

Vanquished Creatures
  A minotaur (Lab)
  Snorg (Lair:4)
  Erolcha (D:9)
  2 two-headed ogres
  3 orc sorcerers
  4 black mambas
  5 elephants (Lair:5)
  2 torpor snails
  4 spiny frogs
  A minotaur zombie (Lab)
  A rime drake (Lair:1)
  3 komodo dragons
  5 trolls
  A polar bear (Lair:2)
  A hornet (D:9)
  8 dream sheep
  8 blink frogs
  4 hippogriffs
  Sigmund (D:6)
  2 shadows (Lab)
  A vampire (D:10)
  24 yaks
  A steam dragon (Lair:4)
  3 basilisks
  3 wyverns
  A hungry ghost (D:10)
  5 vampire mosquitoes (Lair:4)
  Edmund (D:5)
  2 wargs
  4 water moccasins
  10 porcupines
  14 orc warriors
  A sky beast (D:10)
  An ice beast (D:10)
  An eye of draining (D:9)
  10 ogres
  A phantom (D:9)
  4 wolves (Lair:1)
  3 centaurs
  6 crocodiles
  2 big kobolds (D:10)
  17 bullfrogs
  A water moccasin zombie (D:6)
  4 scorpions
  7 wights
  2 howler monkeys
  3 electric eels
  4 lava snakes (Lab)
  A crimson imp (D:6)
  A centaur zombie (D:6)
  A bullfrog zombie (D:8)
  A quasit (D:4)
  4 hounds
  A gnoll shaman (D:4)
  8 orc priests
  17 orc wizards
  4 bullfrog skeletons
  A centaur skeleton (D:5)
  An iguana (D:9)
  5 worker ants
  4 hell rats (Lair:5)
  A hound zombie (D:8)
  3 hound skeletons
  Robin (D:3)
  11 adders
  15 gnolls
  An ooze (D:5)
  2 worms
  3 dart slugs
  4 leopard geckos
  73 orcs
  2 ball pythons
  5 bats
  A giant cockroach (D:7)
  21 goblins
  9 hobgoblins
  14 jackals
  5 quokkas
  4 frilled lizards
  20 kobolds
  A leopard gecko skeleton (D:5)
  A quokka skeleton (D:8)
  10 rats
  A fungus (Lair:1)
451 creatures vanquished.

Vanquished Creatures (others)
  A quokka (D:4)
  2 fungi
3 creatures vanquished.

Grand Total: 454 creatures vanquished

Notes
Turn   | Place    | Note
-------+----------+-------------------------------------------
     0 | D:1      | KamiKatze the Vine Stalker Fighter began the quest for the Orb.
     0 | D:1      | Reached XP level 1. HP: 11/11 MP: 2/2
   152 | D:1      | Reached XP level 2. HP: 14/16 MP: 3/3
   648 | D:2      | Found a sparkling altar of Nemelex Xobeh.
   654 | D:2      | Reached skill level 1 in Dodging
   654 | D:2      | Reached skill level 3 in Shields
   654 | D:2      | Reached XP level 3. HP: 13/19 MP: 2/4
   756 | D:2      | Found a glowing golden altar of the Shining One.
   923 | D:2      | Gained mutation: Your natural rate of healing is unusually fast. [Vine Stalker growth]
   923 | D:2      | Reached XP level 4. HP: 12/24 MP: 5/5
  1461 | D:3      | Noticed Robin
  1512 | D:3      | Killed Robin
  1512 | D:3      | Reached XP level 5. HP: 27/28 MP: 6/6
  2231 | D:4      | Found a radiant altar of Vehumet.
  2256 | D:4      | Reached XP level 6. HP: 32/32 MP: 7/7
  2450 | D:4      | Found a basalt altar of Yredelemnul.
  2556 | D:4      | Found a white marble altar of Elyvilon.
  2566 | D:4      | Reached skill level 4 in Shields
  2582 | D:4      | Found an iron altar of Okawaru.
  2682 | D:4      | Found a shimmering altar of Xom.
  2682 | D:4      | Found a glowing silver altar of Zin.
  2682 | D:4      | Noticed an angel
  2989 | D:5      | Entered Level 5 of the Dungeon
  3019 | D:5      | Noticed Edmund
  3066 | D:5      | Killed Edmund
  3066 | D:5      | Reached XP level 7. HP: 13/36 MP: 2/8
  3277 | D:5      | Found a staircase to the Ecumenical Temple.
  3281 | Temple   | Entered the Ecumenical Temple
  3351 | Temple   | Became a worshipper of Uskayaw the Reveler
  3551 | D:5      | Reached * piety under Uskayaw
  3553 | D:5      | Reached ** piety under Uskayaw
  3596 | D:5      | Reached *** piety under Uskayaw
  3810 | D:5      | Gained mutation: You have razor-sharp teeth. [Vine Stalker growth]
  3810 | D:5      | Reached XP level 8. HP: 42/42 MP: 9/9
  4063 | D:6      | Found an ancient bone altar of Kikubaaqudgha.
  4097 | D:6      | Got a transparent troll leather armour
  4191 | D:6      | Reached **** piety under Uskayaw
  4233 | D:6      | Reached skill level 5 in Shields
  4233 | D:6      | Noticed a two-headed ogre
  4275 | D:6      | Killed a two-headed ogre
  4275 | D:6      | Reached skill level 5 in Armour
  4275 | D:6      | Reached skill level 1 in Invocations
  4275 | D:6      | Reached XP level 9. HP: 31/46 MP: 9/11
  4316 | D:6      | Found a shadowy altar of Dithmenos.
  4441 | D:6      | Noticed Sigmund
  4451 | D:6      | Killed Sigmund
  5090 | D:7      | Found a burning altar of Makhleb.
  5190 | D:7      | Reached skill level 6 in Shields
  5365 | D:6      | Reached skill level 5 in Dodging
  5939 | D:8      | Noticed a troll
  6040 | D:8      | Killed a troll
  6042 | D:8      | Reached ***** piety under Uskayaw
  6070 | D:8      | Reached skill level 5 in Fighting
  6092 | D:8      | Reached XP level 10. HP: 34/51 MP: 13/13
  6652 | D:8      | Identified a scroll of acquirement
  6746 | D:9      | Found a staircase to the Orcish Mines.
  6762 | D:9      | Found Xyaripso's Armour Emporium.
  6839 | D:9      | Paralysed by a hornet for 3 turns
  6901 | D:9      | Reached skill level 7 in Shields
  7115 | D:9      | Got a shimmering rapier
  7116 | D:9      | Identified the +6 rapier of Etzuseh {antimagic, SInv} (You found it on level 9 of the Dungeon)
  7155 | D:9      | Noticed Erolcha
  7165 | D:9      | Killed Erolcha
  7165 | D:9      | Reached skill level 5 in Short Blades
  7351 | D:10     | Entered Level 10 of the Dungeon
  7565 | D:10     | Reached XP level 11. HP: 48/56 MP: 15/15
  7618 | D:10     | Noticed a two-headed ogre
  7633 | D:10     | Killed a two-headed ogre
  7899 | D:10     | Found a staircase to the Lair.
  8034 | D:10     | Reached skill level 8 in Shields
  8222 | Lair:1   | Entered Level 1 of the Lair of Beasts
  9139 | Lair:2   | Reached skill level 5 in Invocations
  9496 | Lair:2   | Reached skill level 1 in Evocations
 10210 | Lair:2   | Gained mutation: You heal very quickly. [Vine Stalker growth]
 10210 | Lair:2   | Reached XP level 12. HP: 40/62 MP: 14/17
 10442 | Lair:3   | Found a labyrinth entrance.
 10447 | Lab      | Entered a labyrinth
 10859 | Lab      | Noticed a minotaur
 10871 | Lab      | Killed a minotaur
 11029 | Lab      | Got a heavily runed brass amulet
 11032 | Lab      | Identified the amulet of Uletwuur {RegenMP rPois} (You found it in a labyrinth)
 11344 | Lair:3   | Found a staircase to the Snake Pit.
 11845 | Lair:4   | Noticed Snorg
 11905 | Lair:3   | Reached ****** piety under Uskayaw
 12199 | Lair:4   | Reached skill level 9 in Shields
 12334 | Lair:4   | Killed Snorg
 12335 | Lair:4   | Upgraded the game from 0.22.0-27-ga576289601 to 0.22.0-35-ge4bf2f5f59
 12488 | Lair:4   | Found a staircase to the Swamp.
 12646 | Lair:4   | Found a transporter.
 12686 | Lair:4   | Noticed Buaxos's ghost (journeyman FoEE)
 12690 | Lair:4   | Found a transporter.
 12749 | Lair:4   | Reached XP level 13. HP: 54/67 MP: 18/18
 13064 | Lair:4   | Reached skill level 5 in Evocations
 14602 | Orc:1    | Entered Level 1 of the Orcish Mines
 14868 | Orc:2    | Entered Level 2 of the Orcish Mines
 14872 | Orc:2    | Found a roughly hewn altar of Beogh.
 14901 | Orc:2    | Found a staircase to the Elven Halls.
 14922 | Orc:1    | Found a roughly hewn altar of Beogh.
 15400 | Orc:2    | Found a roughly hewn altar of Beogh.
 15432 | Orc:2    | Found Soeven's Antique Armour Boutique.
 15488 | Orc:2    | Found a roughly hewn altar of Beogh.
 15542 | Orc:2    | Found a roughly hewn altar of Beogh.
 15852 | Orc:2    | Found a radiant altar of Vehumet.
 15885 | Orc:2    | Found a roughly hewn altar of Beogh.
 16058 | Orc:2    | HP: 3/68 [smoke demon[an orc high priest] (4)]
 16058 | Orc:2    | Mangled by a rust devil

Skill      XL: |  1  2  3  4  5  6  7  8  9 10 11 12 13 |
---------------+----------------------------------------+-----
Dodging        | 1 2 3 4 5 6 7 8 |  8.4
Shields        | 3 4 5 6 7 8 9 |  9.6
Short Blades   | 2 3 4 5 6 7 8 |  8.8
Fighting       | 3 4 5 6 7 |  7.7
Armour         | 3 4 5 6 7 8 |  8.9
Invocations    | 1 3 4 5 6 7 |  7.0
Evocations     | 1 4 5 |  5.0

Action                   |  1- 3 |  4- 6 |  7- 9 | 10-12 | 13-15 || total
-------------------------+-------+-------+-------+-------+-------++-------
Melee: Rapier            |    76 |   263 |   322 |   881 |   444 ||  1986
       Bite              |    15 |    73 |   111 |   341 |   183 ||   723
Throw: Tomahawk          |       |       |       |     3 |       ||     3
       Stone             |       |       |       |     1 |       ||     1
 Abil: Evoke Berserk Rag |       |       |       |     1 |       ||     1
Evoke: Wand              |       |       |     1 |     3 |       ||     4
  Use: Potion            |     1 |       |     1 |     4 |       ||     6
       Scroll            |       |     6 |     4 |    23 |     1 ||    34
 Stab: Paralysed         |       |       |     4 |    46 |    23 ||    73
  Eat: Chunk             |       |     7 |    10 |    21 |    11 ||    49
       Ration            |       |       |       |     1 |       ||     1
Armor: Scale mail        |    26 |   111 |       |       |       ||   137
       Chain mail        |       |       |   142 |     6 |       ||   148
       Plate armour      |       |       |       |   397 |   186 ||   583
Dodge: Dodged            |    28 |    79 |    82 |   296 |   142 ||   627
Block: Shield            |    35 |   136 |   179 |   500 |   220 ||  1070
